 Dungeon Crawl Stone Soup version 0.28-a0-1389-gc726bef33b (webtiles) character file.

Game seed: 5599553476535460544

93 Deminshera the Poker (level 4, 0/37 HPs)
             Began as a Merfolk Fighter on Jan 3, 2022.
             Slain by a gnoll (5 damage)
             ... on level 3 of the Dungeon.
             The game lasted 00:02:00 (1843 turns).

Deminshera the Poker (Merfolk Fighter)              Turns: 1843, Time: 00:02:01

Health: 0/37       AC:  6    Str: 18    XL:     4   Next: 62%
Magic:  4/4        EV: 10    Int:  7    God:
Gold:   127        SH:  5    Dex: 13    Spells: 3/3 levels left

rFire   . . .      SeeInvis .   a - +0 trident
rCold   . . .      Faith    .   c - +0 buckler
rNeg    . . .      Spirit   .   b - +0 scale mail
rPois   .          Reflect  .   (no helmet)
rElec   .          Harm     .   (no cloak)
rCorr   .          Rampage  .   (no gloves)
Will    .....                   (no boots)
Stlth   ..........              f - amulet of regeneration
HPRegen 0.92/turn               (no ring)
MPRegen 0.09/turn               (no ring)

@: no status effects
A: (nimble swimmer 2), mertail
a: no special abilities


You were on level 3 of the Dungeon.
You visited 1 branch of the dungeon, and saw 3 of its levels.

You collected 127 gold pieces.

Inventory:

Hand Weapons
 a - a +0 trident (weapon)
Armour
 b - a +0 scale mail (worn)
 c - a +0 buckler (worn)
Jewellery
 f - an amulet of regeneration (around neck)
Scrolls
 e - 2 scrolls of enchant armour {unknown}
 g - a scroll of identify {unknown}
 h - a scroll of magic mapping {unknown}
 i - a scroll of amnesia {unknown}
Potions
 d - a potion of might


   Skills:
 - Level 4.0 Fighting
 + Level 4.5 Polearms
 - Level 2.1 Armour
 - Level 2.0 Dodging
 + Level 3.7 Shields


You had 3 spell levels left.
You didn't know any spells.
Your spell library was empty.

Dungeon Overview and Level Annotations

Branches:
Dungeon (3/15)

Altars:


Innate Abilities, Weirdness & Mutations

((You are very nimble when in or above water. (Stealth+, EV+, Speed+++)))
Your lower body shifts to a powerful aquatic tail in water.


Message History

A gnoll comes into view. It is wielding a +0 flail.
The gnoll hits you from afar with a +0 vampiric halberd.
You reach to attack!
You hit the gnoll but do no damage.
The gnoll is moderately wounded.
The gnoll barely misses you.
You reach to attack!
You hit the gnoll.
The gnoll is severely wounded.
The gnoll closely misses you.
You reach to attack!
You puncture the gnoll!
You kill the gnoll!
You closely miss the gnoll.
A gnoll comes into view. It is wielding a +0 whip.
The gnoll barely misses you.
You hit the gnoll.
The gnoll is moderately wounded.
The gnoll hits you with a +0 flail.
You hit the gnoll.
The gnoll is severely wounded.
You closely miss the gnoll. You closely miss the gnoll.
The gnoll hits you but does no damage.
You hit the gnoll.
The gnoll is moderately wounded.
The gnoll barely misses you.
You hit the gnoll.
The gnoll is moderately wounded.
You barely miss the gnoll.
The gnoll is heavily wounded.
The gnoll hits you with a +0 whip. The gnoll completely misses you.
You hit the gnoll.
The gnoll is severely wounded.
The gnoll hits you but does no damage. You block the gnoll's attack.
You closely miss the gnoll.
The gnoll is severely wounded.
The gnoll hits you with a +0 whip. The gnoll hits you with a +0 flail.
You hit the gnoll but do no damage.
The gnoll is severely wounded.
The gnoll hits you with a +0 whip. The gnoll hits you with a +0 flail!
* * * LOW HITPOINT WARNING * * *
The gnoll hits you with a +0 whip.
You die...

.....# #.# #.#..#
#.# ####.#..####.##
#.............######
#.##.#.>####.......<
#.##.#..# ##.######
#.##.#..# #†#
###.##.###### #.#
#....@g...... ...
#.#.##g###### #..
#.#....). .... # ###
....# .... ###.#
##### .# #


You could see 2 gnolls.

Vanquished Creatures
  2 gnolls
  3 adders (D:2)
  5 ball pythons
  3 endoplasms
  2 giant cockroaches (D:1)
  7 hobgoblins (D:1)
  4 kobolds
  6 bats
  2 frilled lizards (D:3)
  5 goblins
  4 rats
43 creatures vanquished.

Vanquished Creatures (others)
  A plant (D:3)
1 creature vanquished.

Grand Total: 44 creatures vanquished

Notes
Turn   | Place    | Note
-------+----------+-------------------------------------------
     0 | D:1      | Deminshera the Merfolk Fighter began the quest for the Orb.
     0 | D:1      | Reached XP level 1. HP: 18/18 MP: 1/1
    87 | D:1      | Reached skill level 1 in Dodging
    87 | D:1      | Reached XP level 2. HP: 24/24 MP: 2/2
   272 | D:1      | Reached XP level 3. HP: 29/29 MP: 3/3
   887 | D:2      | Found a faded altar of an unknown god.
  1154 | D:2      | Reached XP level 4. HP: 16/37 MP: 4/4
  1843 | D:3      | Slain by a gnoll

Illustrated notes

Levels and vault maps discovered:
D:1:      dpeg_arrival_tiny_h, layout_basic, minmay_misc_feat_rows
D:2:      layout_loops_ring, ebering_ecumenical_altar_sacrificial
D:3:      layout_loops_ring, mainiacjoe_overflow_alcove_4,
          guppyfry_early_lair_pool, uniq_terence

Skill      XL: |  1  2  3  4 |
---------------+-------------+-----
Dodging        | 1 2 |  2.0
Polearms       | 4 |  4.5
Fighting       | 4 |  4.0
Armour         | |  2.1
Shields        | |  3.7

Action                   |  1- 3 |  4- 6 || total
-------------------------+-------+-------++-------
Melee: Trident           |   103 |    50 ||   153
Armor: Scale mail        |    37 |     8 ||    45
Dodge: Dodged            |    32 |    12 ||    44
Block: Buckler           |    26 |     6 ||    32

Table legend: (Time is in decaauts)
 A = Elapsed time spent in this place.
 B = Non-inter-level travel time spent in this place.
 C = Inter-level travel time spent in this place.
 D = Time resting spent in this place.
 E = Time spent auto-exploring this place.
 F = Levels seen in this place.
 G = Mean time per level.
                   A        B        C        D        E       F      G
               +--------+--------+--------+--------+--------+-----+--------+
         Total |   1861 |   1834 |     27 |    227 |   1313 |   3 |  620.3 |
       Dungeon |   1861 |   1834 |     27 |    227 |   1313 |   3 |  620.3 |
               +--------+--------+--------+--------+--------+-----+--------+

Top non-repeatable levels by time:
     D:2: 953 daAuts
     D:1: 860 daAuts
     D:3: 48 daAuts
